 Dungeon Crawl Stone Soup version 0.17-a0-1798-g879a7aa (webtiles) character file.

122 shakdrar the Skirmisher (level 4, -2/37 HPs)
             Began as a Demonspawn Berserker on Sept 10, 2015.
             Was a Believer of Trog.
             Slain by an orc
             ... wielding a +0 flail
              (3 damage)
             ... on level 3 of the Dungeon.
             The game lasted 00:05:47 (2622 turns).

shakdrar the Skirmisher (Demonspawn Berserker)      Turns: 2622, Time: 00:05:48

Health: -2/37      AC:  6    Str: 18    XL:     4   Next: 78%
Magic:  4/4        EV: 12    Int:  8    God:    Trog [**....]
Gold:   131        SH:  0    Dex: 13    Spells: 0 memorised, 3 levels left

rFire  . . .     SeeInvis .     a - +0 hand axe
rCold  . . .     Clarity  .     i - +0 ring mail
rNeg   . . .     SustAt   .     (no shield)
rPois  .         Gourm    .     (no helmet)
rElec  .         Spirit   .     h - +0 cloak
rCorr  .         Warding  .     (no gloves)
rMut   .         Stasis   .     (no boots)
MR     .....                    (no amulet)
Stlth  +.........               (no ring)
                                (no ring)

@: not resistant to hostile enchantments, very unstealthy
A: powered by pain 1, rot immunity
a: Burn Spellbooks, Berserk, Trog's Hand, Renounce Religion


You were on level 3 of the Dungeon.
You worshipped Trog.
Trog was pleased with you.
You were not hungry.

You visited 1 branch of the dungeon, and saw 3 of its levels.

You collected 131 gold pieces.

Inventory:

Hand weapons
 a - a +0 hand axe (weapon)
Missiles
 f - 30 poisoned needles
 n - 8 tomahawks (quivered)
Armour
 b - a +0 animal skin
 h - a +0 cloak (worn)
 i - a +0 ring mail (worn)
Scrolls
 g - a scroll of blinking
 l - 2 scrolls of identify
Potions
 d - 2 potions of curing
 k - a potion of heal wounds {unknown}
 m - a potion of lignification {unknown}
Comestibles
 c - a bread ration
 j - a royal jelly
 o - a meat ration


   Skills:
 + Level 3.9 Fighting
 + Level 3.5 Axes
 + Level 2.2 Armour
 + Level 2.8 Dodging


You had 3 spell levels left.
You didn't know any spells.

Dungeon Overview and Level Annotations

Branches:
Dungeon (3/15)

Altars:

Annotations:
D:3 Sigmund


Innate Abilities, Weirdness & Mutations

You sometimes gain a little power by taking damage.
You are immune to rotting.


Message History

You barely miss something. You closely miss the orc.
The orc is severely wounded.
Something hits you but does no damage. The orc misses you.
Something hits you but does no damage.
You're too confused to move!
You feel less confused. The orc hits you with a flail. Something hits you.
You miss something. You barely miss the orc.
The orc is severely wounded.
Something hits you.
* * * LOW HITPOINT WARNING * * *
The orc hits you with a flail.
* * * LOW HITPOINT WARNING * * *
Something hits you but does no damage.
You hit something but do no damage. You hit the orc.
The orc is almost dead.
Something hits you.
* * * LOW HITPOINT WARNING * * *
The orc hits you with a flail.
You die...

. .# ## #. ...
.. #..#####.
#....#..
##...){###
#....co@!##
....#.###.)####
. # ##....####
####†(..######
####......### #
######...# #.#
###.. .. ###...
#.#######...##


You could see a centaur and an orc.

Vanquished Creatures
  Jessica (D:2)
  4 adders
  An ooze (D:3)
  5 orcs (D:3)
  A ball python (D:2)
  2 giant cockroaches (D:2)
  7 goblins
  4 hobgoblins
  4 jackals (D:2)
  9 kobolds
  A quokka (D:2)
  3 bats
  A giant gecko (D:3)
  A giant newt (D:3)
  5 rats
49 creatures vanquished.

Notes
Turn   | Place    | Note
--------------------------------------------------------------
     0 | D:1      | shakdrar the Demonspawn Berserker began the quest for the Orb.
     0 | D:1      | Reached XP level 1. HP: 18/18 MP: 1/1
   428 | D:1      | Gained mutation: You sometimes gain a little power by taking damage. [demonic ancestry]
   428 | D:1      | Reached XP level 2. HP: 20/24 MP: 2/2
   976 | D:2      | Noticed Jessica
   989 | D:2      | Killed Jessica
   989 | D:2      | Gained mutation: You are immune to rotting. [demonic ancestry]
   989 | D:2      | Reached XP level 3. HP: 24/29 MP: 3/3
  1016 | D:2      | Acquired Trog's second power
  1676 | D:2      | Reached XP level 4. HP: 25/37 MP: 4/4
  2614 | D:3      | Noticed a centaur
  2616 | D:3      | Noticed Sigmund
  2622 | D:3      | HP: 1/37 [something (6)]
  2622 | D:3      | Slain by an orc

Vault maps used:
D:1:      minmay_arrival_glassed_features, minmay_misc_feat_nine_boxes,
          serial_bayou_pond_e, st_stairs_13
D:2:      first_bread, kennysheep_another_room, lemuel_another_geyser,
          uniq_jessica
D:3:      ecumenical_altar_2, minmay_misc_feat_tower, uniq_sigmund,
          uniq_terence, uniq_natasha

Action                   |  1- 3 |  4- 6 || total
-------------------------+-------+-------++-------
Melee: Hand axe          |   100 |    76 ||   176
  Use: Potion            |     1 |       ||     1
       Scroll            |     4 |     3 ||     7
  Eat: Bread ration      |     1 |     1 ||     2
